 Dungeon Crawl Stone Soup version 0.28.0-53-g5a82cb258f (webtiles) character file.

Game seed: 6846407368449986463

735 Atelerd the Digger (level 7, -2/41 HPs)
             Began as an Octopode Earth Elementalist on July 12, 2022.
             Was a Follower of Sif Muna.
             Slain by a wraith (11 damage)
             ... in an ossuary.
             The game lasted 00:07:37 (4277 turns).

Atelerd the Digger (Octopode Earth Elementalist)    Turns: 4277, Time: 00:07:37

Health: -2/41      AC:  1    Str:  7    XL:     7   Next: 74%
Magic:  12/13      EV: 13    Int: 20    God:    Sif Muna [*.....]
Gold:   83         SH:  0    Dex: 12    Spells: 9/14 levels left

rFire   . . .      SeeInvis .   c - +0 dagger
rCold   . . .      Faith    .   (no shield)
rNeg    . . .      Spirit   .   (helmet restricted)
rPois   .          Reflect  .   i - amulet of the acrobat
rElec   .          Harm     .   (no ring)
rCorr   .          Rampage  .   (no ring)
Will    .....                   (no ring)
Stlth   ++++......              (no ring)
HPRegen 0.13/turn               (no ring)
MPRegen 0.13/turn               (no ring)
                                (no ring)
                                (no ring)

@: slowed, very slow
A: almost no armour, amphibious, 8 rings, camouflage 1, gelatinous body 1,
(nimble swimmer 1), tentacles
a: Renounce Religion, Channel Magic


You were in an ossuary.
You worshipped Sif Muna.
Sif Muna was aware of your devotion.
You visited 2 branches of the dungeon, and saw 6 of its levels.
You also visited: Ossuary.

You collected 127 gold pieces.
You spent 44 gold pieces at shops.

Inventory:

Hand Weapons
 c - a +0 dagger (weapon)
 r - a +3 double sword
Missiles
 b - 39 stones
Armour
 n - a +0 buckler
Jewellery
 g - a ring of flight
 i - an amulet of the acrobat (around mantle)
 u - a ring of protection from fire
Wands
 s - a wand of iceblast (5)
Scrolls
 a - 2 scrolls of immolation
 d - a scroll of noise {unknown}
 h - a scroll of teleportation {unknown}
 q - a scroll of fog
Potions
 e - a potion of brilliance {unknown}
 f - 2 potions of cancellation {unknown}
 j - a potion of resistance {unknown}
 k - a potion of ambrosia {unknown}
 l - a potion of heal wounds {unknown}
 p - a potion of degeneration
 t - a potion of flight {unknown}


   Skills:
 - Level 2.0 Dodging
 - Level 5.0 Stealth
 + Level 4.0 Spellcasting
 - Level 5.0 Transmutations
 + Level 5.3 Earth Magic


You had 9 spell levels left.
You knew the following spells:

 Your Spells              Type           Power      Damage    Failure   Level
a - Sandblast             Erth           50%        2d12      1%          1
p - Petrify               Tmut/Erth      24%        N/A       16%         4

Your spell library contained the following spells:

 Spells                   Type           Power      Damage    Failure   Level
 Passwall                 Tmut/Erth      20%        N/A       2%          2
 Stone Arrow              Conj/Erth      28%        3d8       13%         3


Dungeon Overview and Level Annotations

Branches:
Dungeon (5/15)             Temple (1/1) D:4         Ossuary (1/1)

Altars:
Ashenzari
Cheibriados
Dithmenos
Fedhas
Makhleb
Nemelex Xobeh
Ru
Sif Muna
Trog
Wu Jian
Yredelemnul
Zin
The Shining One

Shops:
D:1 !   D:3 :(


Innate Abilities, Weirdness & Mutations

You cannot wear most types of armour.
You are amphibious.
You can wear up to eight rings at the same time.
Your skin changes colour to match your surroundings (Stealth+).
Your rubbery body absorbs attacks. (AC +1, EV +1)
((You are camouflaged when in or above water. (Stealth+)))
You have tentacles for arms and can constrict up to eight enemies at once.


Message History

You feel as though you will be slow longer.
You are too injured to fight recklessly!
You feel better. The wraith closely misses you.
Okay, then.
Aiming: Iceblast
Press: ? - help, Shift-Dir - straight line, p - wraith The mass of ice explodes!
The iceblast engulfs the wraith.
The wraith partially resists.
The wraith is lightly damaged.
The wraith misses you. The wraith closely misses you.
Unknown command.
Unknown command.
Unknown command.
Okay, then.
Okay, then.
Casting: Sandblast (safe; 1% risk of failure)
Confirm with . or Enter, or press ? or * to list all spells.
Okay, then.
Okay, then.
You feel better. The wraith completely misses you.
Casting: Sandblast (safe; 1% risk of failure)
Confirm with . or Enter, or press ? or * to list all spells.
Aiming: Sandblast (safe; 1% risk of failure)
Press: ? - help, Shift-Dir - straight line, f - wraith
Aim: a wraith (lightly damaged, 81% to hit)
The blast of sand hits the wraith but does no damage.
The wraith is lightly damaged.
The wraith hits you!
* * * LOW HITPOINT WARNING * * *
The wraith drains your vigour!
You feel as though you will be slow longer.
The wraith barely misses you.
Unknown command.
You feel better. The wraith hits you!
* * * LOW HITPOINT WARNING * * *
As you read the scroll labelled OJEPEGOH UMULO, it crumbles to dust.
It is a scroll of identify.
q - a scroll of fog The wraith completely misses you.
The wraith hits you!
You die...

## .. ..##
..##### ..##
.##...##...## .
##.!.!.##...# ..
#..!!...'...+
...##..!?.##...#
#...##...##W..##
#...#####@..## .
#.........##...
..#####'#####....
.................
.................
######'''########
#...#### +...'..#
#...#..#


You could see a wraith.

Vanquished Creatures
  A black bear (D:4)
  A necrophage (D:4)
  An ogre (D:4)
  A scorpion (D:5)
  A howler monkey (D:4)
  A jelly (D:4)
  2 hounds
  2 orc priests (D:4)
  A hound skeleton (D:4)
  A mummy (Ossuary)
  10 adders
  An adder skeleton (D:2)
  A worm (D:3)
  5 dart slugs
  3 orcs (D:4)
  8 ball pythons
  A bat skeleton (D:2)
  7 endoplasms
  A giant cockroach (D:1)
  6 goblins
  4 hobgoblins
  9 jackals
  6 kobolds
  2 quokkas
  6 bats
  5 frilled lizards
  3 gnoll skeletons (Ossuary)
  A kobold skeleton (Ossuary)
  5 orc skeletons (Ossuary)
  A quokka skeleton (D:2)
  7 rats
104 creatures vanquished.

Vanquished Creatures (others)
  A plant (D:3)
1 creature vanquished.

Grand Total: 105 creatures vanquished

Notes
Turn   | Place    | Note
-------+----------+-------------------------------------------
     0 | D:1      | Atelerd the Octopode Earth Elementalist began the quest for
                  | the Orb.
     0 | D:1      | Reached XP level 1. HP: 11/11 MP: 3/3
   380 | D:1      | Reached XP level 2. HP: 17/17 MP: 5/5
   647 | D:1      | Found Polaji's Distillery.
   822 | D:1      | Reached XP level 3. HP: 21/21 MP: 6/6
  1586 | D:2      | Reached XP level 4. HP: 22/27 MP: 4/7
  1924 | D:2      | Learned a level 4 spell: Petrify
  2053 | D:2      | Reached XP level 5. HP: 31/31 MP: 1/9
  2300 | D:1      | Bought a potion of curing for 33 gold pieces
  2300 | D:1      | Bought a potion of degeneration for 11 gold pieces
  2336 | D:3      | Found Zutagyagg's Antique Weapon Shoppe.
  2364 | D:3      | Found Vawk's Book Boutique.
  2732 | D:4      | Noticed an ogre
  2738 | D:4      | Killed an ogre
  2739 | D:4      | Reached XP level 6. HP: 36/36 MP: 3/10
  3006 | D:4      | Found a staircase to the Ecumenical Temple.
  3009 | D:4      | Noticed a necrophage
  3019 | D:4      | Killed a necrophage
  3020 | D:4      | Reached XP level 7. HP: 41/41 MP: 4/12
  3023 | Temple   | Entered the Ecumenical Temple
  3128 | Temple   | Became a worshipper of Sif Muna the Loreminder
  3186 | D:4      | Reached skill level 5 in Stealth
  3187 | D:4      | Reached skill level 5 in Earth Magic
  3968 | D:5      | Entered Level 5 of the Dungeon
  3973 | D:5      | Found a burning altar of Makhleb.
  3994 | D:5      | Found a sand-covered staircase.
  4006 | Ossuary  | Entered an ossuary
  4006 | Ossuary  | Noticed a wraith
  4006 | Ossuary  | Noticed a wraith
  4006 | Ossuary  | Noticed a wraith
  4033 | Ossuary  | Reached skill level 5 in Transmutations
  4033 | Ossuary  | Reached * piety under Sif Muna
  4260 | Ossuary  | Noticed a wraith
  4277 | Ossuary  | Slain by a wraith

Illustrated notes

Levels and vault maps discovered:
D:1:      mrwooster_arrival_statue_3, layout_loops_cross, serial_shops,
          nicolae_shop_temple_entry_statues_fountains, chequers_big_river,
          item_on_display_a
D:2:      minmay_spotlight, layout_rooms, serial_undead, serial_undead_b,
          serial_undead_b, serial_undead_c, serial_undead_e, minivault_4
D:3:      lemuel_castle_with_subvaults [lemuel_castle_interior_original],
          layout_rooms, gammafunk_temple_overflow_arena, doesnt_xom_only_xom,
          hellmonk_ecumenical_altar_inner_sanctum, serial_shops, shop,
          nicolae_diamond_shop, nicolae_shop_hallway_stairs,
          nicolae_shop_statue_plus, shop
D:4:      layout_loops_cross, minmay_temple_entry_mini_moons
D:5:      layout_cave_pools, elyvilon_altar_3, old_standard_altar,
          nicolae_ossuary_entry_monument, minmay_holes
Temple:   nicolae_temple_x_marks_the_god
Ossuary:  ossuary_due_mausoleum

Skill      XL: |  1  2  3  4  5  6  7 |
---------------+----------------------+-----
Earth Magic    | 4 5 |  5.3
Stealth        | 3 4 5 |  5.0
Transmutations | 2 3 4 5 |  5.0
Spellcasting   | 3 4 |  4.0
Dodging        | |  2.0

Action                   |  1- 3 |  4- 6 |  7- 9 || total
-------------------------+-------+-------+-------++-------
Melee: Unarmed           |    12 |       |       ||    12
       Dagger            |    44 |    25 |    11 ||    80
       Constrict         |    10 |     8 |     2 ||    20
       Tentacles         |    10 |     9 |     3 ||    22
       Punch             |     1 |     2 |       ||     3
 Cast: Sandblast         |    24 |    59 |    33 ||   116
Evoke: Wand              |       |       |     1 ||     1
  Use: Scroll            |       |       |     3 ||     3
       Potion            |       |       |     3 ||     3
 Stab: Sleeping          |     9 |       |     5 ||    14
Armor: Skin              |     2 |     3 |     3 ||     8
Dodge: Dodged            |    41 |    36 |    17 ||    94
